 Dungeon Crawl Stone Soup version 0.31.0-9-g3a7656b989 (console) character file.

Game seed: 17412026974991855425

81 AlterAsc the Chopper (level 4, -3/35 HPs)
             Began as a Formicid Fighter on Jan 31, 2024.
             Slain by a gnoll
             ... wielding a +0 whip of venom
              (5 damage)
             ... on level 2 of the Dungeon.
             The game lasted 00:02:57 (1799 turns).

AlterAsc the Chopper (Formicid Fighter)             Turns: 1799, Time: 00:02:57

Health: -3/35      AC:  6    Str: 23    XL:     4   Next: 68%
Magic:  4/4        EV:  8    Int:  7    God:
Gold:   83         SH: 10    Dex: 19    Spells: 3/3 levels left

rFire   . . .        a - +0 war axe
rCold   . . .        o - +0 kite shield
rNeg    . . .        b - +0 scale mail
rPois   .            (helmet unavailable)
rElec   .            (no cloak)
rCorr   .            (no gloves)
SInv    +            (no boots)
Will    .....        (no amulet) Stlth
                     d - +6 ring of dexterity
HPRegen 0.25/turn    (no ring)
MPRegen 0.09/turn

%: no passive effects
@: lethally poisoned (-3 -> -25)
A: permanent stasis, dig shafts and tunnels, antennae 3, four strong arms
a: Dig, Shaft Self


You were on level 2 of the Dungeon.
You visited 1 branch of the dungeon, and saw 2 of its levels.

You collected 83 gold pieces.

Inventory:

Hand Weapons
 a - a +0 war axe (weapon)
Missiles
 h - 2 atropa-tipped darts
Armour
 b - a +0 scale mail (worn)
 c - a +0 buckler
 o - a +0 kite shield (worn)
Jewellery
 d - a +6 ring of dexterity (left hand)
Scrolls
 e - a scroll of teleportation {unknown}
 g - a scroll of amnesia {unknown}
 i - a scroll of vulnerability {unknown}
 j - a scroll of revelation {unknown}
 k - a scroll of immolation {unknown}
 n - a scroll of identify {unknown}
 p - 3 scrolls of fog {unknown}
Potions
 l - a potion of curing {unknown}
 m - a potion of might


   Skills:
 - Level 3.2 Fighting
 + Level 4.5 Axes
 - Level 3.2 Armour
 - Level 4.0 Shields


You had 3 spell levels left.
You didn't know any spells.
Your spell library contained the following spells:

 Spells                   Type           Power      Damage    Failure   Level
 Foxfire                  Conj/Fire      0%         2x1d4     94%         1
 Slow                     Hex            0%         N/A       94%         1
 Confusing Touch          Hex            0%         N/A       100%        3
 Sigil of Binding         Hex            0%         N/A       100%        3
 Vampiric Draining        Necr           0%         2d6       100%        3
 Plasma Beam              Fire/Air       0%         2x1d10    100%        6
 Starburst                Conj/Fire      0%         6d3       100%        6


Dungeon Overview and Level Annotations

Branches:
Dungeon (2/15)

Altars:


Innate Abilities, Weirdness & Mutations

You cannot be hasted, slowed, berserked, paralysed or teleported.
You can dig through walls and to a lower floor.
You have a pair of large antennae on your head. (SInv)
Your four strong arms can wield two-handed weapons with a shield.


Message History

You block the endoplasm's attack.
The endoplasm attacks as it pursues you!
You block the endoplasm's attack.
There is a stone staircase leading up here.
You climb upwards.
There is a stone staircase leading down here.
You start resting.
HP restored.
You climb downwards.
The endoplasm hits you. You block the endoplasm's attack.
There is a stone staircase leading up here.
You hit the endoplasm but do no damage. The endoplasm closely misses you.
You slash the endoplasm!
You kill the endoplasm!
The gnoll hits you with a +0 whip of venom.
You are poisoned.
You hit the gnoll but do no damage.
You feel very sick. The gnoll barely misses you.
You completely miss the gnoll.
You feel sick.
The gnoll hits you with a +0 whip of venom.
You are more poisoned.
You block the gnoll's attack.
You hit the gnoll.
The gnoll is lightly wounded.
You feel very sick. You block the gnoll's attack.
You closely miss the gnoll.
The gnoll is lightly wounded.
You feel very sick.
The gnoll hits you with a +0 whip of venom.
* * * LOW HITPOINT WARNING * * *
You are lethally poisoned!
The gnoll hits you but does no damage.
You are more poisoned.
You hit the gnoll.
The gnoll is moderately wounded.
* * * LOW HITPOINT WARNING * * *
You feel extremely sick.
The gnoll hits you with a +0 whip of venom.
You die...

.........# ####.#......####
....####.# #........##.##.. .##.#
#.# #.##.#...##.##.# ###.# ##.##
#....#.........# .##.# #...#
#.####..###.#### .##.# #...#
#.####..###.# .##.#
#...########...........# ....#
#...#......<......########
.##.###...#..####.......##.....#
.#.............##w.####.##.....#
...............g@..............#
##.............#.....##.##.....#
###.###...#..###......(.##.....#
....###.#.#........#.############
######.###.#####.#...# # ##.#.##
#.##..############
#...######.##.....##....... ###
#.......##.........#.#####.
..#####..####.#####......#.#####.
#.#.......###.######.............
#.#.###...........###...##.#####.


You could see a ribbon worm and a gnoll.

Vanquished Creatures
  A gnoll (D:1)
  An adder (D:2)
  2 dart slugs (D:2)
  2 ribbon worms (D:1)
  11 endoplasms
  2 giant cockroaches (D:1)
  5 goblins
  4 hobgoblins (D:2)
  3 jackals (D:1)
  3 ball pythons (D:1)
  A bat (D:1)
  7 frilled lizards
  A kobold (D:2)
  11 rats
54 creatures vanquished.

Notes
Turn   | Place    | Note
-------+----------+-------------------------------------------
     0 | D:1      | AlterAsc the Formicid Fighter began the quest for the Orb.
     0 | D:1      | Reached XP level 1. HP: 18/18 MP: 1/1
     1 | D:1      | Found a runed translucent door.
    60 | D:1      | Reached XP level 2. HP: 19/24 MP: 2/2
   212 | D:1      | Reached XP level 3. HP: 23/29 MP: 3/3
   886 | D:1      | Reached XP level 4. HP: 18/35 MP: 4/4
  1799 | D:2      | Slain by a gnoll

Illustrated notes

Levels and vault maps discovered:
D:1:      dpeg_arrival_caged_fury, layout_basic
D:2:      minmay_diamond_boxcup, layout_loops_cross

Skill      XL: |  1  2  3 |
---------------+----------+-----
Axes           | 3 4 |  4.5
Fighting       | |  3.2
Armour         | |  3.2
Shields        | |  4.0

Action                     |  1- 3 |  4- 6 || total
---------------------------+-------+-------++-------
  Melee: War axe           |    72 |    52 ||   124
    Use: Potion            |     1 |     1 ||     2
 Armour: Scale mail        |    40 |    39 ||    79
  Dodge: Dodged            |    22 |    20 ||    42
  Block: Buckler           |    10 |     5 ||    15
         Kite shield       |       |    20 ||    20
